 Dungeon Crawl Stone Soup version 0.27-a0-543-gd81048afd2 (webtiles) character file.

Game seed: 9658888017888684997

45 Leibowitz the Skirmisher (level 3, -3/30 HPs)
             Began as a Demonspawn Abyssal Knight on Mar 7, 2021.
             Was a Believer of Lugonu.
             Slain by Natasha (5 damage)
             ... on level 3 of the Dungeon.
             The game lasted 00:04:29 (1348 turns).

Leibowitz the Skirmisher (DsAK)                     Turns: 1348, Time: 00:04:30

Health: -3/30      AC:  3    Str: 12    XL:     3   Next: 42%
Magic:  4/4        EV: 11    Int: 13    God:    Lugonu [**....]
Gold:   59         SH:  0    Dex: 13    Spells: 2/2 levels left

rFire    . . .     SeeInvis .   a - +1 falchion
rCold    . . .     Faith    .   (no shield)
rNeg     . . .     Spirit   .   b - +0 leather armour
rPois    .         Reflect  .   (no helmet)
rElec    .         Harm     .   (no cloak)
rCorr    .         Rampage  .   (no gloves)
Will     .....                  (no boots)
Stlth    +.........             (no amulet)
HPRegen  0.10/turn              (no ring)
MPRegen  0.09/turn              (no ring)

@: slowed, very slow
A: demonic magic 1
a: Renounce Religion, Depart the Abyss, Bend Space


You were on level 3 of the Dungeon.
You worshipped Lugonu.
Lugonu was pleased with you.
You visited 1 branch of the dungeon, and saw 3 of its levels.
You visited the Abyss 1 time.

You collected 59 gold pieces.

Inventory:

Hand Weapons
 a - a +1 falchion (weapon)
Armour
 b - a +0 leather armour (worn)
Scrolls
 c - a scroll of magic mapping {unknown}
 d - a scroll of identify {unknown}
 e - a scroll of teleportation {unknown}


   Skills:
 + Level 3.7 Fighting
 + Level 2.2 Long Blades
 + Level 2.1 Armour
 + Level 1.2 Dodging
 + Level 2.5 Invocations


You had 2 spell levels left.
You didn't know any spells.
Your spell library was empty.

Dungeon Overview and Level Annotations

Branches:
Dungeon (3/15)

Altars:
The Shining One

Annotations:
D:3 Natasha


Innate Abilities, Weirdness & Mutations

Spells you cast may paralyse adjacent enemies.


Message History

Found 21 arrows.
Found 23 arrows.
Found a stone staircase leading down.
You see here 23 arrows.
There is a stone staircase leading down here.
Natasha, Servant of Life and Death comes into view.
A kobold comes into view.
The kobold shouts!
Natasha closely misses you.
You barely miss Natasha. Natasha barely misses you.
Natasha stares at you and mumbles some strange words.
You feel yourself slow down.
You hit Natasha.
Natasha is lightly wounded.
Natasha claws you.
You barely miss Natasha.
Natasha is lightly wounded.
Natasha claws you. Natasha barely misses you.
You riposte.
You closely miss Natasha.
Natasha is lightly wounded.
You hit Natasha.
Natasha is heavily wounded.
Natasha claws you. Natasha closely misses you.
You hit Natasha but do no damage.
Natasha is heavily wounded.
Natasha stares at you and mumbles some strange words.
The magic dart hits you. Natasha claws you.
You barely miss Natasha.
Natasha is heavily wounded.
Natasha claws you. Natasha closely misses you.
You hit Natasha.
Natasha is severely wounded.
You hear the slow rusting of a distant drain.
Natasha claws you.
* * * LOW HITPOINT WARNING * * *
You completely miss Natasha.
Natasha is severely wounded.
Natasha claws you.
* * * LOW HITPOINT WARNING * * *
Natasha claws you.
You die...

##.....##.# .......# #.#
#.........#.##...#.# #.#
#.##.###..#.##..##.#####.#
#.# ........ #.....<.....#
#.# ####..# #..(..#######
#.######..####..####
#..(...>........#
###############.# #@# #h#
#..K# ....... ##.......
#......... #..........
#.........## ##.......##


You could see Natasha and a kobold.

Vanquished Creatures
  An adder (D:3)
  2 dart slugs (D:2)
  4 bats
  A giant cockroach (D:1)
  2 goblins (D:1)
  5 hobgoblins
  A quokka (D:2)
  A ball python (D:2)
  A frilled lizard (D:2)
  8 kobolds
  4 rats
30 creatures vanquished.

Notes
Turn   | Place    | Note
-------+----------+-------------------------------------------
     0 | Abyss:1  | Leibowitz the Demonspawn Abyssal Knight began the quest for
                  | the Orb.
     0 | Abyss:1  | Reached XP level 1. HP: 18/18 MP: 2/2
    69 | D:1      | Escaped the Abyss
   251 | D:1      | Gained mutation: Spells you cast may paralyse adjacent
                  | enemies. [demonic ancestry]
   251 | D:1      | Reached XP level 2. HP: 15/24 MP: 3/3
   600 | D:1      | Reached skill level 1 in Dodging
   871 | D:2      | Reached ** piety under Lugonu
   905 | D:2      | Reached XP level 3. HP: 10/30 MP: 4/4
  1153 | D:2      | You fall into a shaft and drop 1 floor!
  1337 | D:3      | Noticed Natasha
  1348 | D:3      | Slain by Natasha

Illustrated notes

Levels and vault maps discovered:
D:1:      dpeg_arrival_rhombus, layout_basic, minmay_misc_feat_alley
D:2:      layout_rooms, nicolae_overflow_crystal_walls,
          chequers_ecumenical_altar_simple_redux
D:3:      layout_loops_corners, gup_sewer_entry_glass, uniq_natasha

Skill      XL: |  1  2 |
---------------+-------+-----
Armour         | 2 |  2.1
Dodging        | 1 |  1.2
Long Blades    | 2 |  2.2
Fighting       | |  3.7
Invocations    | |  2.5

Action                   || total
-------------------------++-------
Melee: Falchion          ||   102
Armor: Leather armour    ||    33
Dodge: Dodged            ||    86
       Rpst.: Falchion   ||    20

Table legend: (Time is in decaauts)
 A = Elapsed time spent in this place.
 B = Non-inter-level travel time spent in this place.
 C = Inter-level travel time spent in this place.
 D = Time resting spent in this place.
 E = Time spent auto-exploring this place.
 F = Levels seen in this place.
 G = Mean time per level.
                   A        B        C        D        E       F      G
               +--------+--------+--------+--------+--------+-----+--------+
         Total |   1371 |   1363 |      8 |    212 |    780 |   4 |  342.8 |
       Dungeon |   1302 |   1294 |      8 |    212 |    762 |   3 |  434.0 |
         Abyss |     69 |     69 |      0 |      0 |     18 |   1 |   69.0 |
               +--------+--------+--------+--------+--------+-----+--------+

Top non-repeatable levels by time:
     D:1: 808 daAuts
     D:2: 290 daAuts
     D:3: 203 daAuts
 Abyss:1: 69 daAuts
